 Dungeon Crawl Stone Soup version 0.29-a0-422-gafbd6decc1 (webtiles) character file.

Game seed: 7735669632415763154

4 ptdevnull the Shield-Bearer (level 1, -1/18 HPs)
             Began as a Formicid Fighter on May 19, 2022.
             Slain by a kobold
             ... wielding a +0 dagger of venom
              (2 damage)
             ... on level 1 of the Dungeon.
             The game lasted 00:01:11 (318 turns).

ptdevnull the Shield-Bearer (Formicid Fighter)       Turns: 318, Time: 00:01:12

Health: -1/18      AC:  6    Str: 20    XL:     1   Next: 66%
Magic:  1/1        EV:  9    Int:  7    God:
Gold:   40         SH:  4    Dex: 10    Spells: 0/0 levels left

rFire   . . .      SeeInvis +   a - +0 quarterstaff
rCold   . . .      Faith    .   c - +0 buckler
rNeg    . . .      Spirit   .   b - +0 scale mail
rPois   .          Reflect  .   (helmet unavailable)
rElec   .          Harm     .   (no cloak)
rCorr   .          Rampage  .   (no gloves)
Will    .....                   (no boots)
Stlth   ..........              (no amulet)
HPRegen 0.06/turn               h - ring of wizardry
MPRegen 0.07/turn               (no ring)

@: lethally poisoned (-1 -> -13)
A: permanent stasis, dig shafts and tunnels, antennae 3, four strong arms
a: Dig, Shaft Self


You were on level 1 of the Dungeon.
You visited 1 branch of the dungeon, and saw 1 of its levels.

You collected 40 gold pieces.

Inventory:

Hand Weapons
 a - a +0 quarterstaff (weapon)
 e - a +1 short sword of speed
Armour
 b - a +0 scale mail (worn)
 c - a +0 buckler (worn)
Jewellery
 h - a ring of wizardry (left hand)
Scrolls
 f - a scroll of immolation {unknown}
 i - a scroll of identify {unknown}
Potions
 d - a potion of might
 g - a potion of haste {unknown}


   Skills:
 - Level 3.2 Fighting
 * Level 2.4 Staves
 - Level 3.2 Armour
 - Level 4.0 Shields


You couldn't memorise any spells.
You didn't know any spells.
Your spell library was empty.

Dungeon Overview and Level Annotations

Branches:
Dungeon (1/15)

Altars:


Innate Abilities, Weirdness & Mutations

You cannot be hasted, slowed, berserked, paralysed or teleported.
You can dig through walls and to a lower floor.
You have a pair of large antennae on your head. (SInv)
Your four strong arms can wield two-handed weapons with a shield.


Message History

The frilled lizard closely misses you.
You hit the frilled lizard.
You kill the frilled lizard!
No target in view!
h - a ring of wizardry
i - a scroll labelled CEUDIE TUAHAN
Okay, then.
h - a ring of wizardry (left hand)
You now have 25 gold pieces (gained 13).
Found a stone staircase leading down.
You now have 40 gold pieces (gained 15).
There is a stone staircase leading down here.
You open the door.
You sense a monster nearby.
There is an open door here.
A bat comes into view.
A goblin comes into view. It is wielding a +0 club.
The goblin shouts!
You block the bat's attack.
A kobold comes into view. It is wielding a +0 dagger of venom.
The kobold shouts!
You hit the bat.
You kill the bat!
You barely miss the kobold. The kobold hits you but does no damage.
You are poisoned.
You barely miss the kobold.
You feel very sick.
The kobold hits you with a +0 dagger of venom.
You are lethally poisoned!
The kobold attacks as you move away! The kobold hits you but does no damage.
You are more poisoned.
The goblin attacks as you move away! You block the goblin's attack.
You feel very sick.
* * * LOW HITPOINT WARNING * * *
You feel very sick.
You hit the kobold but do no damage.
* * * LOW HITPOINT WARNING * * *
You feel very sick.
The kobold hits you with a +0 dagger of venom.
You die...

####### ......########
.####.>......# ###########
....#..##....###..........
.##.#..##......'@g........
.##.#..##....###.K........
.##.#..##....# ###.###.##
.##.#..##....#..........#
.##.#..##.................
.##.#.........#######...≈≈
.##.# .#....... .≈§§≈
###.# #........ ≈§## ≈#


You could see a goblin and a kobold.

Vanquished Creatures
  A ball python (D:1)
  2 bats (D:1)
  A frilled lizard (D:1)
  A kobold (D:1)
5 creatures vanquished.

Notes
Turn   | Place    | Note
-------+----------+-------------------------------------------
     0 | D:1      | ptdevnull the Formicid Fighter began the quest for the Orb.
     0 | D:1      | Reached XP level 1. HP: 18/18 MP: 1/1
   318 | D:1      | Slain by a kobold

Illustrated notes

Levels and vault maps discovered:
D:1:      nicolae_arrival_memento_mori, layout_basic, grunt_decor_junction,
          minivault_26

Action                   || total
-------------------------++-------
Melee: Quarterstaff      ||    14
Armor: Scale mail        ||     7
Dodge: Dodged            ||     4
Block: Buckler           ||     3

Table legend: (Time is in decaauts)
 A = Elapsed time spent in this place.
 B = Non-inter-level travel time spent in this place.
 C = Inter-level travel time spent in this place.
 D = Time resting spent in this place.
 E = Time spent auto-exploring this place.
 F = Levels seen in this place.
 G = Mean time per level.
                   A        B        C        D        E       F      G
               +--------+--------+--------+--------+--------+-----+--------+
         Total |    320 |    320 |      0 |    179 |     99 |   1 |  320.0 |
       Dungeon |    320 |    320 |      0 |    179 |     99 |   1 |  320.0 |
               +--------+--------+--------+--------+--------+-----+--------+

Top non-repeatable levels by time:
     D:1: 320 daAuts
